 Dungeon Crawl Stone Soup version 0.26-a0-670-g578ab304f5 (webtiles) character file.

Game seed: 2343026989267890541

1098853 PentaManta the Conqueror (level 27, -1/273 HPs)
             Began as a Minotaur Berserker on Oct 19, 2020.
             Was a High Priest of Trog.
             Killed by drain life
             ... invoked by a soul eater
              (15 damage)
             ... in Pandemonium.
             The game lasted 07:23:23 (122768 turns).

PentaManta the Conqueror (Minotaur Berserker)     Turns: 122768, Time: 07:23:25

Health: -1/273     AC: 55    Str: 32      XL:     27
Magic:  22/22      EV: 25    Int:  8 (11) God:    Trog [*****.]
Gold:   8500       SH: 39    Dex: 18      Spells: 26/26 levels left

rFire    + . .     SeeInvis +   d - +9 broad axe (vorpal)
rCold    + + .     Faith    .   s - +10 tower shield "Atzischij" {Int+7}
rNeg     . . .     Spirit   .   H - +12 gold dragon scales
rPois    +         Reflect  .   X - +0 mask of the Dragon {MR+ Slay+3 SInv}
rElec    .         Harm     .   V - +2 cloak {rCorr}
rCorr    +         Rampage  .   Q - +2 pair of gloves {Dex+3}
MR       +++++                  W - +2 pair of boots {run}
Stlth    ..........             Y - amulet of regeneration
HPRegen  1.95/turn              I - +4 ring of slaying
MPRegen  0.18/turn              f - ring of Optimism {+Fly rC+ AC+4 Dex+2 SInv}

@: marked, berserk cooldown, regenerating, hasted and slowed, quick
A: retaliatory headbutt, claws 1, horns 2, wild magic 1
}: 9/15 runes: barnacled, slimy, silver, iron, obsidian, icy, bone, abyssal,
gossamer
a: Berserk, Trog's Hand, Brothers in Arms, Renounce Religion, Evoke Flight


You were in Pandemonium.
You worshipped Trog.
Trog was extremely pleased with you.
You visited 18 branches of the dungeon, and saw 88 of its levels.
You visited Pandemonium 1 time, and saw 3 of its levels.
You visited the Abyss 2 times.
You also visited: Trove, Sewer, Wizlab and Desolation.

You collected 13206 gold pieces.
You spent 4706 gold pieces at shops.

Inventory:

Hand Weapons
 b - a +4 broad axe of protection
 d - a +9 vorpal broad axe (weapon)
 h - a +2 antimagic broad axe
 A - a +6 vampiric broad axe
 L - a +5 demon whip of electrocution
Missiles
 v - 15 throwing nets
 x - 12 silver javelins
 N - 7 boomerangs of dispersal
 O - 46 javelins (quivered)
Armour
 s - the +10 tower shield "Atzischij" (worn) {Int+7}
   (You found it in a treasure trove)

   It affects your intelligence (+7).
 y - the +8 plate armour of Qiegrap {rN+++ MR++ Str-2 Int+4}
   (You found it in a treasure trove)

   It affects your strength (-2).
   It affects your intelligence (+4).
   It renders you almost immune to negative energy.
   It affects your resistance to hostile enchantments.
 H - +12 gold dragon scales (worn)
 J - a +3 crystal plate armour
 Q - a +2 pair of gloves of dexterity (worn)
 V - a +2 cloak of preservation (worn)
 W - a +2 pair of boots of running (worn)
 X - the +0 mask of the Dragon (worn) {MR+ Slay+3 SInv}
   (You found it in a treasure trove)

   It affects your accuracy and damage with ranged weapons and melee attacks
   (+3).
   It affects your resistance to hostile enchantments.
   It lets you see invisible.
Jewellery
 f - the ring of Optimism (right hand) {+Fly rC+ AC+4 Dex+2 SInv}
   (You found it on level 5 of the Pits of Slime)

   [ring of protection]

   It affects your AC (+4).
   It affects your dexterity (+2).
   It protects you from cold.
   It lets you see invisible.
   It lets you fly.
 o - the ring "Nomyvviy" {rElec rPois rC+ Str+2 SInv}
   (You found it on level 1 of the Elven Halls)

   [ring of poison resistance]

   It affects your strength (+2).
   It protects you from cold.
   It insulates you from electricity.
   It protects you from poison.
   It lets you see invisible.
 E - the ring "Isuetaly" {+Fly rElec rF+ Int-3 Dex+4}
   (You took it off a frost giant on level 14 of the Dungeon)

   [ring of protection from fire]

   It affects your intelligence (-3).
   It affects your dexterity (+4).
   It protects you from fire.
   It insulates you from electricity.
   It lets you fly.
 G - the ring of Pobrit {Ice rElec MR+++ Int-3 SInv}
   (You bought it in a shop on level 3 of the Depths)

   [ring of ice]

   It enhances your ice magic.
   It affects your intelligence (-3).
   It makes you vulnerable to fire.
   It protects you from cold.
   It insulates you from electricity.
   It affects your resistance to hostile enchantments.
   It lets you see invisible.
 I - a +4 ring of slaying (left hand)
 R - the amulet "Pechaos" {Reflect +Fly Slay+3 SH+5}
   (You took it off a draconian shifter on level 3 of the Realm of Zot)

   [amulet of reflection]

   It shields you and reflects attacks.
   It affects your accuracy and damage with ranged weapons and melee attacks
   (+3).
   It lets you fly.
   It affects your SH (+5).
 Y - an amulet of regeneration (around neck)
Wands
 k - a wand of paralysis (18)
 m - a wand of digging (5)
 U - a wand of acid (73)
 Z - a wand of iceblast (68)
Scrolls
 a - 2 scrolls of silence
 i - 11 scrolls of teleportation
 t - a scroll of summoning
 u - 2 scrolls of blinking
 B - 4 scrolls of holy word
 C - 8 scrolls of fog
 F - 11 scrolls of magic mapping
 K - 3 scrolls of fear
 T - 6 scrolls of identify
Potions
 c - 5 potions of cancellation
 e - 10 potions of curing
 g - a potion of mutation
 n - 3 potions of invisibility
 q - 7 potions of ambrosia
 r - 4 potions of haste
 w - 7 potions of might
 M - 4 potions of resistance
Miscellaneous
 j - a phial of floods
 l - a phantom mirror
 p - a box of beasts (3/3)
 z - a condenser vane (2/2)
 D - a tin of tremorstones (3/3)
 P - a lightning rod (4/4)
 S - the horn of Geryon


   Skills:
 O Level 27 Fighting
 O Level 27 Axes
 + Level 23.4 Throwing
 O Level 27 Armour
 O Level 27 Dodging
 O Level 27 Shields
 * Level 23.9 Evocations


You had 26 spell levels left.
You didn't know any spells.
Your spell library contained the following spells:

 Spells                   Type           Power        Failure   Level
 Cause Fear               Hex            #.........   100%        4
 Silence                  Hex/Air        #.........   100%        5
 Yara's Violent Unravell  Hex/Tmut       #.........   100%        5
 Discord                  Hex            #.........   100%        8


Dungeon Overview and Level Annotations

Branches:
Dungeon (15/15)            Temple (1/1) D:5            Lair (6/6) D:10
 Shoals (4/4) Lair:2       Spider (4/4) Lair:3        Slime (5/5) Lair:5
    Orc (2/2) D:10            Elf (3/3) Orc:2        Vaults (5/5) D:14
  Crypt (3/3) Vaults:3       Tomb (1/3) Crypt:3      Depths (5/5) D:15
   Hell (visited)             Dis (7/7) Hell            Geh (7/7) Hell
    Coc (7/7) Hell            Tar (7/7) Hell            Zot (5/5) Depths:5
  Sewer (visited)          WizLab (visited)         Desolation (visited)

Altars:
Ashenzari
Cheibriados
Dithmenos
Elyvilon
Fedhas
Gozag
Hepliaklqana
Kikubaaqudgha
Makhleb
Nemelex Xobeh
Okawaru
Qazlal
Ru
Sif Muna
Trog
Uskayaw
Vehumet
Wu Jian
Xom
Yredelemnul
Zin
The Shining One
Beogh

Shops:
D:5 [   D:9 ?=[   D:12 =   D:13 (   Orc:2 ?[?*   Elf:1 }   Elf:2 *   Elf:3 [
Shoals:1 [   Shoals:3 :   Depths:3 }}=

Portals:
Hell: Depths:1 Depths:2 Depths:3 Depths:4 Depths:5
Abyss: Depths:3 Depths:4
Pandemonium: Depths:2 Depths:3 Depths:4
Ziggurat: Depths:3


Innate Abilities, Weirdness & Mutations

You reflexively headbutt those who attack you in melee.
You have a pair of horns on your head.
You have sharp fingernails.
Your spells are a little harder to cast, but a little more powerful.


Message History

A sun demon comes into view.
You block the ufetubus's attack. x2
The balrug gestures at you. Something smites you!
* * * LOW HITPOINT WARNING * * *
You block the ufetubus's attack.
The ufetubus hits you but does no damage.
Your skin crawls.
You feel resistant to hostile enchantments.
You block the ufetubus's attack. x2
The balrug gestures at you.
The fireball explodes!
The fireball engulfs the ufetubus!!!
The ufetubus is burned terribly!
The ufetubus dies!
The fireball engulfs the ufetubus!!!!
The ufetubus is burned terribly!
The ufetubus dies!
The fireball engulfs you! You resist.
* * * LOW HITPOINT WARNING * * *
The soul eater draws from the surrounding life force!
You die...

#...#######.# ..
#...........#########...
#..................3...2
#...........32...2.3....
#...............33.2....
#............3...#
#...............2#
#................#
#######.........@#
#..........#
#..........#
#####......######
#............
#............
####......... ##########


You could see a cacodemon, a balrug, a soul eater, 2 sun demons, a tormentor and
a ynoxinul.

Vanquished Creatures
  Asmodeus (Geh:7)
  Ereshkigal (Tar:7)
  Antaeus (Coc:7)
  the Royal Jelly (Slime:5)
  Dispater (Dis:7)
  Khufu (Crypt:3)
  Mennas (Depths:3)
  10 orbs of fire
  6 ancient liches
  Sojobo (Vaults:1)
  3 pandemonium lords (Pan)
  8 greater mummies
  3 shard shrikes
  5 Killer Klowns
  Frederick (Crypt:1)
  Saint Roka (Crypt:1)
  Geryon (Hell)
  7 golden dragons
  2 curse toes
  the Enchantress (Depths:4)
  Jory (Crypt:3)
  11 bone dragons
  16 Tzitzimimeh
  7 liches
  Arachne (Spider:4)
  10 Hell Sentinels
  3 electric golems
  31 Brimstone Fiends
  6 doom hounds
  9 iron giants
  20 tentacled monstrosities
  2 deep elf blademasters (Elf:2)
  14 Ice Fiends
  11 quicksilver dragons
  5 titans
  Asterion (Spider:3)
  25 Orb Guardians (Zot:5)
  The ghost of Napalmbreeze the Brawler, an adept TrFi of Nemelex Xobeh (Elf:1)
  2 deep elf master archers (Elf:3)
  27 acid blobs
  9 death cobs
  6 tentacled starspawn
  4 Executioners
  8 sphinxes
  13 ancient champions
  A thorn hunter (Abyss:3)
  14 storm dragons
  5 draconian monks
  Agnes (Spider:3)
  8 tengu reavers
  2 shadow dragons (shapeshifter)
  18 shadow dragons
  17 fire giants
  7 revenants
  14 azure jellies
  8 frost giants
  15 iron dragons
  Ilsuiw (Shoals:2)
  4 cacodemons
  4 draconian knights
  20 vault wardens
  11 deep elf sorcerers
  22 balrugs
  6 draconian scorchers
  2 draconian stormcallers
  12 ghost moths
  Louise (Spider:3)
  10 emperor scorpions
  A ghost moth (shapeshifter) (Depths:4)
  8 draconian shifters
  10 draconian annihilators
  26 ghouls
  3 curse skulls
  4 deep elf elementalists
  3 entropy weavers
  22 stone giants
  49 reapers
  12 ironheart preservers
  26 war gargoyles
  6 spriggan defenders
  The ghost of Soniseqa the Eclecticist, an adept SpEn of Gozag (Spider:2)
  22 very ugly things
  3 elemental wellsprings (Coc:7)
  6 caustic shrike skeletons (Depths:4)
  8 black draconians
  Nessos (Lair:4)
  4 halazid warlocks (Desolation)
  8 vampire knights
  A black sun (Pan)
  9 green draconians
  10 yellow draconians
  Azrael (Spider:3)
  2 corrupters (Pan)
  6 deep elf demonologists
  4 lorocyprocas
  11 purple draconians
  3 dire elephants
  10 red draconians
  8 white draconians
  4 deep elf annihilators
  An orange crystal statue (WizLab)
  4 spark wasps
  3 merfolk javelineers
  10 fire dragons
  13 eidola
  A spectral quicksilver dragon (Crypt:3)
  11 merfolk impalers
  11 blizzard demons
  3 crystal guardians
  13 deep elf death magi
  A spectral golden dragon (Crypt:3)
  16 ettins
  15 death oozes
  8 green deaths
  2 quicksilver dragon zombies
  5 ragged hierophants (Desolation)
  15 jiangshi
  9 mummy priests (Tomb:1)
  8 deep elf high priests
  12 boulder beetles
  12 rakshasas
  10 yaktaur captains
  13 great orbs of eyes
  6 servants of whispers
  6 peacekeepers (Desolation)
  30 ice dragons
  4 quicksilver dragon skeletons
  2 hell beasts
  32 vault guards
  15 hydras
  7 spriggan air magi
  8 merfolk avatars
  6 centaur warriors
  46 two-headed ogres
  25 dancing weapons
  A spectral fire giant (Crypt:3)
  2 catoblepae
  5 satyrs
  3 merfolk aquamancers (Shoals:4)
  4 death knights
  14 ogre magi
  5 death yaks (Depths:4)
  7 tengu warriors
  A spectral stone giant (Crypt:3)
  4 deep troll shamans
  13 vampire magi
  6 thrashing horrors
  5 spriggan berserkers (Depths:4)
  15 death scarabs (Tomb:1)
  36 hell hogs
  4 spectral storm dragons (Crypt:3)
  A spectral dire elephant (Crypt:3)
  A titan zombie (Geh:3)
  9 deep troll earth magi
  4 orc high priests
  8 iron golems
  3 titan skeletons
  A salamander mystic (Depths:3)
  6 storm dragon zombies
  A fire crab (Lair:6)
  22 deep elf knights
  A fire crab (shapeshifter) (Depths:1)
  9 wretched stars
  27 soul eaters
  8 shadow wraiths
  2 golden dragon zombies
  32 sun demons
  11 iron trolls
  23 hell knights
  83 skeletal warriors
  11 sixfirhies
  19 flayed ghosts
  2 spatial maelstroms (Abyss:2)
  23 small abominations
  2 ghost moth zombies
  2 spectral anacondas (Crypt:3)
  21 deep trolls
  5 storm dragon skeletons
  9 sea snakes
  7 spriggan druids (Depths:4)
  3 death drakes
  2 infernal demonspawn (Pan)
  A glowing orange brain (shapeshifter) (Vaults:5)
  13 shadow demons
  13 unseen horrors
  8 deep elf archers
  6 glowing orange brains
  23 ironbrand convokers
  4 torturous demonspawn (Pan)
  A spectral hydra (Crypt:3)
  2 golden dragon skeletons
  13 anaconda zombies
  4 wizards
  10 anaconda skeletons
  A spectral wolf spider (Crypt:3)
  A kraken simulacrum (Shoals:4)
  A quicksilver dragon simulacrum (Abyss:3)
  3 wolf spider zombies
  22 phantasmal warriors
  6 orc sorcerers
  27 harpies
  3 iron dragon zombies
  14 necromancers
  21 orc knights
  20 orb spiders
  3 oklob plants (Lair:2)
  A shining eye (shapeshifter) (D:14)
  A shadow dragon skeleton (Geh:3)
  6 fire giant zombies
  15 cyclopes
  7 stone giant zombies
  50 ugly things
  5 manticores
  54 deep elf magi
  3 salamanders (Depths:3)
  2 spectral ice dragons (Crypt:3)
  2 frost giant zombies (Geh:2)
  32 wolf spiders
  13 shining eyes
  20 moths of wrath
  A moth of wrath (shapeshifter) (Depths:2)
  24 fauns
  An elephant (Lair:6)
  2 manticores (shapeshifter)
  6 worldbinders (Abyss:3)
  2 frost giant skeletons
  6 stone giant skeletons
  2 iron dragon skeletons (Coc:7)
  7 water nymphs
  3 ice statues
  10 apocalypse crabs
  4 black mambas
  3 dire elephant zombies
  9 merfolk sirens
  4 guardian serpents (Desolation)
  A guardian serpent (shapeshifter) (Vaults:2)
  A molten gargoyle (Geh:7)
  31 rust devils
  A gargoyle (D:15)
  13 cane toads
  2 shock serpent skeletons (Tar:7)
  14 vault sentinels
  9 centaur zombies
  10 orange demons
  5 spectral swamp worms (Depths:2)
  A storm dragon simulacrum (Vaults:2)
  A torpor snail (Spider:2)
  A minotaur zombie (Dis:2)
  8 fire giant skeletons
  17 smoke demons
  5 eyes of devastation
  3 dire elephant skeletons
  25 tormentors
  A rime drake (Lair:4)
  81 yaktaurs
  A redback zombie (Crypt:1)
  9 efreet
  An emperor scorpion zombie (Tar:7)
  A kobold demonologist (D:14)
  A catoblepas zombie (Dis:7)
  24 hellions
  An iron troll zombie (Crypt:1)
  A golden dragon simulacrum (Crypt:3)
  31 freezing wraiths
  A minotaur skeleton (Crypt:1)
  7 hellwings
  15 demonic crawlers
  4 human zombies
  17 komodo dragons
  2 komodo dragons (shapeshifter)
  An anaconda simulacrum (Hell)
  9 ancient zymes
  A spectral harpy (Crypt:3)
  A yellow draconian skeleton (Crypt:2)
  8 guardian mummies (Tomb:1)
  20 red devils
  14 ice devils
  A yaktaur skeleton (Vaults:2)
  6 harpy zombies
  25 jumping spiders
  4 tengu conjurers
  2 silent spectres
  A human skeleton (Vaults:2)
  A jumping spider (shapeshifter) (Vaults:2)
  6 hydra skeletons
  26 blink frogs
  11 hydra zombies
  A shadow dragon simulacrum (Hell)
  4 tyrant leeches
  40 merfolk
  22 hornets
  2 harpy skeletons (Tar:7)
  A tengu simulacrum (Vaults:2)
  14 trolls
  5 wind drakes
  12 polar bears
  11 snapping turtles
  31 raiju
  6 fire dragon zombies
  15 dream sheep
  63 saltlings
  8 ice dragon zombies
  3 bog bodies (Crypt:3)
  7 ettin zombies
  A dream sheep (shapeshifter) (Vaults:5)
  121 slime creatures
  A wolf spider simulacrum (Crypt:1)
  2 fire giant simulacra (Crypt:3)
  A stone giant simulacrum (Vaults:1)
  74 flying skulls
  2 tarantellas (shapeshifter)
  3 black mamba zombies
  4 ettin skeletons
  60 redbacks
  3 fire dragon skeletons
  21 water elementals
  71 yaks
  4 ushabtiu (Tomb:1)
  2 wyverns
  42 spriggans
  25 wraiths
  A vampire (D:15)
  12 ynoxinuls
  10 humans (D:14)
  50 shadows
  26 large abominations
  A human (shapeshifter) (Vaults:1)
  4 alligator skeletons
  2 fire bats (Abyss:2)
  34 tarantellas
  A steam dragon (D:11)
  A black mamba skeleton (Tar:7)
  10 neqoxecs
  7 basilisks
  19 fire elementals
  9 golden eyes
  13 chaos spawn
  2 ice dragon skeletons
  10 vampire mosquitoes
  2 acid dragons (D:11)
  2 spatial vortices (Abyss:2)
  A merfolk zombie (Hell)
  11 wargs
  An insubstantial wisp (Abyss:2)
  2 soldier ants (shapeshifter)
  2 soldier ants (D:11)
  3 spectral snapping turtles (Crypt:3)
  2 hydra simulacra (Hell)
  5 cane toad zombies
  The ghost of Rosaphim the Ducker, an amateur SpAK of Lugonu (D:3)
  A deep troll skeleton (Crypt:2)
  2 floating eyes (Slime:4)
  A spectral spriggan (Crypt:3)
  21 water moccasins
  62 hell hounds
  A floating eye (shapeshifter) (Vaults:2)
  14 black bears
  An infernal demonspawn skeleton (Crypt:3)
  A monstrous demonspawn skeleton (Crypt:1)
  An ettin simulacrum (Crypt:3)
  5 sky beasts
  4 cane toad skeletons
  7 phantoms
  41 ogres
  54 orc warriors
  4 ice beasts
  2 manticore zombies (Crypt:2)
  9 eyes of draining
  A snapping turtle zombie (Dis:7)
  36 starcursed masses
  A tengu (shapeshifter) (Vaults:3)
  23 necrophages
  7 boggarts
  27 wolves
  5 snapping turtle skeletons
  A torpor snail zombie (Crypt:3)
  A manticore skeleton (Tar:4)
  22 centaurs
  A blink frog skeleton (Crypt:1)
  A rime drake zombie (Crypt:1)
  A hog skeleton (Crypt:3)
  2 big kobolds
  2 big kobolds (shapeshifter)
  5 elf zombies
  A wyvern zombie (D:12)
  26 bullfrogs
  An elf skeleton (Crypt:2)
  A gelid demonspawn simulacrum (Crypt:3)
  2 earth elementals
  A komodo dragon skeleton (Crypt:2)
  2 gnoll sergeants
  2 human simulacra
  A cane toad simulacrum (Coc:7)
  A scorpion (D:9)
  A spectral tengu (Crypt:3)
  73 wights
  9 killer bees
  A howler monkey (D:9)
  2 electric eels
  2 crimson imps (Geh:2)
  4 bullfrog zombies
  5 quasits
  A lava snake (Elf:2)
  A jelly (D:11)
  8 hounds
  34 orc priests
  A soldier ant zombie (Crypt:1)
  33 orc wizards
  3 bullfrog skeletons
  6 centaur skeletons
  29 iron imps
  4 iguanas
  Natasha (D:2)
  10 worker ants
  Terence (D:2)
  A sky beast zombie (Crypt:3)
  An ogre zombie (Dis:7)
  A big kobold zombie (Crypt:3)
  2 felid skeletons (Crypt:3)
  A hound zombie (D:5)
  3 hound skeletons
  13 mummies
  Robin (D:2)
  A howler monkey zombie (D:11)
  3 gnolls (D:5)
  A howler monkey skeleton (D:10)
  2 worker ant zombies
  A scorpion zombie (Crypt:1)
  17 adders
  9 shadow imps
  15 white imps
  4 ufetubi
  2 oozes
  An adder skeleton (D:4)
  A lava snake skeleton (Crypt:2)
  3 worms
  2 dart slugs
  6 leopard geckos
  128 orcs
  5 giant cockroaches
  13 goblins
  11 hobgoblins
  13 jackals
  4 quokkas
  5 ball pythons
  17 bats
  6 frilled lizards
  A frilled lizard skeleton (Crypt:1)
  A gnoll skeleton (Crypt:2)
  25 kobolds
  A kobold zombie (Geh:5)
  A leopard gecko skeleton (D:4)
  2 leopard gecko zombies
  An orc skeleton (Tar:7)
  13 rats
  2 bushes (Depths:4)
  3 crawling corpses
  3 fire vortices (Geh:7)
  2 lurking horrors
  2 starspawn tentacles (Abyss:2)
4568 creatures vanquished.

Vanquished Creatures (collateral kills)
  Jorgrun (Spider:3)
  A deep elf sorcerer (Elf:3)
  A deep elf elementalist (Elf:3)
  A deep elf annihilator (Elf:3)
  A merfolk impaler (Shoals:4)
  A servant of whispers (Desolation)
  A centaur warrior (D:15)
  A merfolk aquamancer (Shoals:4)
  A two-headed ogre (D:11)
  A ghost moth zombie (Tomb:1)
  2 deep trolls (Depths:2)
  2 skeletal warriors
  An orb spider (Spider:4)
  A moth of wrath (Spider:4)
  6 orange demons (D:10)
  A centaur skeleton (D:13)
  A jumping spider (Spider:4)
  A merfolk (Shoals:4)
  2 red devils (D:10)
  An orc warrior (D:10)
  A worker ant (D:10)
  An orc (D:10)
30 creatures vanquished.

Vanquished Creatures (others)
  Nikola (Depths:2)
  Kirke (D:12)
  A draconian knight (Zot:3)
  A spark wasp (Spider:2)
  A ragged hierophant (Desolation)
  A boulder beetle (Spider:2)
  A hell hog (Geh:7)
  A wizard (Depths:2)
  2 orb spiders (Spider:2)
  A wolf spider (Spider:2)
  A moth of wrath (Zot:5)
  A jumping spider (Spider:1)
  An ice dragon zombie (Geh:7)
  2 redbacks
  A water elemental (Hell)
  2 humans (D:12)
  3 wraiths
  3 hell hounds
  A necrophage (Tar:7)
  2 ogres
  A wyvern skeleton (D:12)
  A howler monkey (D:12)
  A wight (D:12)
  2 orc priests
  An iron imp (Dis:7)
  An orc wizard (D:12)
  4 orcs
  11 demonic plants (Abyss:3)
  A fire vortex (Geh:7)
  41 fungi
  125 plants
  24 starspawn tentacles
  6 tentacles
  63 withered plants
310 creatures vanquished.

Grand Total: 4908 creatures vanquished

Notes
Turn   | Place    | Note
-------+----------+-------------------------------------------
     0 | D:1      | PentaManta the Minotaur Berserker began the quest for the
                  | Orb.
     0 | D:1      | Reached XP level 1. HP: 19/19 MP: 0/0
   308 | D:1      | Reached XP level 2. HP: 26/27 MP: 1/1
   997 | D:2      | Reached XP level 3. HP: 28/33 MP: 2/2
  1241 | D:2      | Reached ** piety under Trog
  1444 | D:2      | Noticed Robin
  1459 | D:2      | Killed Robin
  1459 | D:2      | Reached XP level 4. HP: 24/40 MP: 3/3
  1468 | D:2      | Found a broken altar of Ashenzari.
  1998 | D:2      | Noticed Natasha
  2008 | D:2      | Killed Natasha
  2008 | D:2      | Reached skill level 5 in Axes
  2166 | D:2      | Noticed Terence
  2173 | D:2      | Killed Terence
  2391 | D:3      | Reached XP level 5. HP: 47/47 MP: 4/4
  2399 | D:3      | Found a runed translucent gate.
  2409 | D:3      | Found a runed translucent gate.
  2409 | D:3      | Found a runed translucent gate.
  2409 | D:3      | Noticed Rosaphim's ghost (amateur SpAK)
  2412 | D:3      | Noticed a two-headed ogre
  2799 | D:3      | Reached *** piety under Trog
  2947 | D:3      | Found a sacrificial altar of Ru.
  3258 | D:4      | Reached XP level 6. HP: 52/55 MP: 5/5
  3261 | D:4      | Reached skill level 5 in Fighting
  3854 | D:4      | Reached XP level 7. HP: 38/61 MP: 6/6
  4264 | D:5      | Entered Level 5 of the Dungeon
  4302 | D:5      | Reached **** piety under Trog
  4302 | D:5      | Reached skill level 5 in Armour
  4311 | D:5      | HP: 2/62 [centaur/arrow (7)]
  4607 | D:5      | Reached XP level 8. HP: 35/70 MP: 7/7
  4906 | D:5      | Reached skill level 5 in Dodging
  5140 | D:5      | Found a staircase to the Ecumenical Temple.
  5146 | Temple   | Entered the Ecumenical Temple
  5296 | D:5      | Found Darph's Armour Emporium.
  5681 | D:6      | Found a glowing drain.
  5696 | Sewer    | Entered a sewer
  6829 | D:7      | Reached XP level 9. HP: 78/79 MP: 8/8
  7045 | D:7      | Reached ***** piety under Trog
  7051 | D:7      | Reached skill level 10 in Axes
  7195 | D:7      | Found a snail-covered altar of Cheibriados.
  8115 | D:8      | You fall into a shaft and drop 2 floors!
  8115 | D:10     | Entered Level 10 of the Dungeon
  8132 | D:10     | Received a gift from Trog
  8181 | D:10     | Found a staircase to the Orcish Mines.
  8212 | D:10     | Noticed an orange demon
  8214 | D:10     | Noticed an orange demon
  8666 | D:9      | Found Ytat's Antique Armour Boutique.
  9087 | D:9      | Found Bufi's Jewellery Emporium.
  9125 | D:9      | Found Hejuonyn's Magic Scroll Boutique.
  9130 | D:9      | Bought a scroll of enchant weapon for 112 gold pieces
  9130 | D:9      | Bought a scroll of fog for 30 gold pieces
  9130 | D:9      | Bought a scroll of magic mapping for 52 gold pieces
  9130 | D:9      | Bought a scroll of enchant armour for 112 gold pieces
  9130 | D:9      | Bought a scroll of teleportation for 45 gold pieces
  9132 | D:9      | Found a shimmering blue altar of Sif Muna.
  9270 | D:9      | Reached XP level 10. HP: 90/90 MP: 9/9
  9808 | D:8      | Found a sacrificial altar of Ru.
  9912 | D:8      | Noticed a two-headed ogre
  9919 | D:8      | Killed a two-headed ogre
 10458 | D:8      | Found a stormy altar of Qazlal.
 10458 | D:8      | Found a shadowy altar of Dithmenos.
 10709 | D:3      | Killed a two-headed ogre
 10719 | D:3      | Killed Rosaphim's ghost
 11322 | D:10     | Killed an orange demon
 11328 | D:10     | Noticed an orange demon
 11330 | D:10     | Noticed an orange demon
 11332 | D:10     | Killed an orange demon
 11334 | D:10     | Killed an orange demon
 11338 | D:10     | Noticed an orange demon
 11341 | D:10     | Noticed an orange demon
 11341 | D:10     | Killed an orange demon
 11343 | D:10     | Noticed an orange demon
 11343 | D:10     | Killed an orange demon
 11346 | D:10     | Killed an orange demon
 11349 | D:10     | Killed an orange demon
 11359 | D:10     | Noticed an orange demon
 11381 | D:10     | Reached XP level 11. HP: 56/99 MP: 10/10
 11657 | D:10     | Identified the Papyrus of the Farmer
 11814 | D:10     | Reached skill level 10 in Fighting
 12009 | D:10     | Found a staircase to the Lair.
 12509 | D:11     | Noticed a two-headed ogre
 12510 | D:11     | Noticed a two-headed ogre
 12516 | D:11     | Killed a two-headed ogre
 12519 | D:11     | Killed a two-headed ogre
 12524 | D:11     | Noticed an ogre mage
 12535 | D:11     | Noticed a two-headed ogre
 12539 | D:11     | Noticed a two-headed ogre
 12547 | D:11     | Noticed a two-headed ogre
 12548 | D:11     | Noticed a two-headed ogre
 12549 | D:11     | Killed a two-headed ogre
 12549 | D:11     | Reached skill level 10 in Armour
 12561 | D:10     | HP: 5/101 [poisoned by an ogre mage (bolt of poison)]
 12566 | D:10     | HP: 4/101 [poisoned by an ogre mage (bolt of poison)]
 12571 | D:10     | HP: 3/101 [poisoned by an ogre mage (bolt of poison)]
 12578 | D:10     | HP: 3/101 [poisoned by an ogre mage (bolt of poison)]
 12586 | D:10     | HP: 3/101 [poisoned by an ogre mage (bolt of poison)]
 13012 | D:11     | Killed an unseen horror
 13201 | D:11     | Noticed a five-headed hydra
 13211 | D:11     | Killed a five-headed hydra
 13428 | D:11     | Noticed a white ugly thing
 13704 | D:11     | Noticed a red ugly thing
 13712 | D:11     | Killed a red ugly thing
 14118 | D:11     | Identified the +2 arbalest of the Walnut {flame, SInv}
 14339 | D:11     | Noticed a brown ugly thing
 14339 | D:11     | Noticed a white ugly thing
 14346 | D:11     | Killed a white ugly thing
 14349 | D:11     | Killed a brown ugly thing
 14531 | D:11     | Reached XP level 12. HP: 103/110 MP: 11/11
 14603 | D:11     | Reached skill level 10 in Dodging
 15276 | D:12     | Noticed Kirke
 15560 | D:12     | Reached skill level 15 in Axes
 15816 | D:12     | Received a gift from Trog
 15859 | D:12     | Noticed an eight-headed hydra
 15866 | D:12     | Killed an eight-headed hydra
 16015 | D:12     | Killed Kirke
 16258 | D:12     | Noticed a two-headed ogre
 16282 | D:12     | Killed a two-headed ogre
 16414 | D:12     | Found Tucimuc's Jewellery Emporium.
 16750 | D:12     | Noticed a two-headed ogre
 16754 | D:12     | Killed a two-headed ogre
 16833 | D:12     | Noticed a five-headed hydra
 16843 | D:12     | Killed a five-headed hydra
 17504 | D:14     | Noticed a fire dragon
 17522 | D:14     | Killed a fire dragon
 17522 | D:14     | Reached XP level 13. HP: 99/118 MP: 12/12
 17751 | D:13     | Found Qickuungus's Weapon Emporium.
 19752 | D:14     | Found a portal to a secret trove of treasure.
 20088 | D:14     | Found a shimmering altar of Xom.
 20354 | D:14     | Received a gift from Trog
 20541 | D:14     | Reached XP level 14. HP: 119/130 MP: 13/13
 20564 | D:14     | Found a gate to the Vaults.
 21139 | D:15     | Entered Level 15 of the Dungeon
 21199 | D:15     | Identified a scroll of acquirement
 21200 | D:15     | Acquired a manual of Fighting
 21642 | D:15     | Found a huge runed gate.
 21642 | D:15     | Found a huge runed gate.
 21642 | D:15     | Found a huge runed gate.
 21642 | D:15     | Found a huge runed gate.
 21642 | D:15     | Found a huge runed gate.
 21642 | D:15     | Found a huge runed gate.
 21642 | D:15     | Found a huge runed gate.
 21642 | D:15     | Found a huge runed gate.
 21642 | D:15     | Found a huge runed gate.
 21642 | D:15     | Found a huge runed gate.
 21843 | D:15     | Received a gift from Trog
 22095 | D:15     | Noticed a ghoul
 22096 | D:15     | Found a huge runed gate.
 22096 | D:15     | Found a huge runed gate.
 22096 | D:15     | Found a huge runed gate.
 22096 | D:15     | Found a huge runed gate.
 22096 | D:15     | Found a huge runed gate.
 22096 | D:15     | Found a huge runed gate.
 22097 | D:15     | Found a huge runed gate.
 22098 | D:15     | Found a huge runed gate.
 22115 | D:15     | Killed a ghoul
 22115 | D:15     | Reached skill level 15 in Fighting
 22579 | D:15     | Noticed a shadow dragon
 22598 | D:15     | Killed a shadow dragon
 22662 | D:15     | Found a huge runed gate.
 22676 | D:15     | Found a huge runed gate.
 22676 | D:15     | Found a huge runed gate.
 22676 | D:15     | Found a huge runed gate.
 22677 | D:15     | Found a huge runed gate.
 22677 | D:15     | Found a huge runed gate.
 22677 | D:15     | Found a huge runed gate.
 22684 | D:15     | Found a huge runed gate.
 22685 | D:15     | Found a huge runed gate.
 22741 | D:15     | Found a staircase to the Depths.
 23591 | Orc:1    | Entered Level 1 of the Orcish Mines
 23600 | Orc:1    | Found a roughly hewn altar of Beogh.
 24115 | Orc:2    | Entered Level 2 of the Orcish Mines
 24421 | Orc:2    | Received a gift from Trog
 25452 | Orc:2    | Paralysed by an orc sorcerer for 2 turns
 25556 | Orc:2    | Gained mutation: You are dopey. (Int -2) [a neqoxec]
 25558 | Orc:2    | Gained mutation: You occasionally shout uncontrollably at
                  | your foes. [a neqoxec]
 25561 | Orc:2    | Gained mutation: You tend to lose your temper in combat. [a
                  | neqoxec]
 25715 | Orc:2    | Found a roughly hewn altar of Beogh.
 25865 | Orc:2    | Found a staircase to the Elven Halls.
 25996 | Orc:2    | Reached skill level 15 in Armour
 26136 | Orc:1    | Reached XP level 15. HP: 145/145 MP: 14/14
 26358 | Orc:2    | Found Vimour's Assorted Antiques.
 26358 | Orc:2    | Found Nesak's Magic Scroll Shop.
 26360 | Orc:2    | Found Sawiq's Armour Shoppe.
 26360 | Orc:2    | Found Ciohiudd's Magic Scroll Shop.
 26369 | Orc:2    | Bought a scroll of acquirement for 728 gold pieces
 26369 | Orc:2    | Bought a scroll of remove curse for 42 gold pieces
 26447 | Orc:2    | Lost mutation: You tend to lose your temper in combat.
                  | [potion of mutation]
 26447 | Orc:2    | Lost mutation: You are dopey. (Int -2) [potion of mutation]
 26447 | Orc:2    | Lost mutation: You occasionally shout uncontrollably at
                  | your foes. [potion of mutation]
 26447 | Orc:2    | Gained mutation: Your mind is acute. (Int +2) [potion of
                  | mutation]
 26447 | Orc:2    | Gained mutation: You are partially covered in yellow
                  | scales. (AC +2) [potion of mutation]
 26447 | Orc:2    | Gained mutation: You expend magic power (3 MP) to
                  | strengthen your wands. [potion of mutation]
 26908 | Lair:1   | Entered Level 1 of the Lair of Beasts
 26974 | Lair:1   | Received a gift from Trog
 27595 | Lair:1   | Acquired 571 gold pieces
 27673 | Lair:1   | Reached skill level 1 in Shields
 27901 | Lair:2   | Found a gate leading to a gauntlet.
 28473 | Lair:2   | Found a staircase to the Shoals.
 29278 | Lair:3   | Found a hole to the Spider Nest.
 29366 | Lair:3   | Found a shimmering altar of Xom.
 29586 | Lair:3   | Received a gift from Trog
 30553 | Lair:4   | Reached skill level 5 in Shields
 30639 | Lair:4   | Found a broken altar of Ashenzari.
 30985 | Lair:4   | Noticed Nessos
 30998 | Lair:4   | Killed Nessos
 31505 | Lair:5   | Found a staircase to the Slime Pits.
 32733 | Lair:6   | Entered Level 6 of the Lair of Beasts
 32743 | Lair:6   | Received a gift from Trog
 33249 | Lair:6   | Reached XP level 16. HP: 145/157 MP: 15/15
 33371 | Lair:6   | Received a gift from Trog
 33777 | Lair:6   | Reached ****** piety under Trog
 34217 | Lair:6   | Reached skill level 15 in Dodging
 35247 | D:9      | Bought a pair of runed gloves for 172 gold pieces
 35375 | D:5      | Bought a +1 cloak of stealth for 214 gold pieces
 35588 | Spider:1 | Entered Level 1 of the Spider Nest
 35953 | Shoals:1 | Entered Level 1 of the Shoals
 35979 | Shoals:1 | Received a gift from Trog
 36401 | Shoals:1 | Found Hoapsuixa's Armour Emporium.
 36409 | Shoals:1 | Reached skill level 1 in Throwing
 36678 | Shoals:1 | Reached skill level 10 in Shields
 38240 | Shoals:2 | Received a gift from Trog
 38245 | Shoals:2 | Reached skill level 5 in Throwing
 38489 | Shoals:2 | Noticed Ilsuiw
 38529 | Shoals:2 | Killed Ilsuiw
 38824 | Shoals:2 | Reached XP level 17. HP: 77/168 MP: 16/16
 39042 | Shoals:2 | Received a gift from Trog
 40411 | Shoals:3 | Found Ateck's Book Boutique.
 40651 | Shoals:4 | Entered Level 4 of the Shoals
 41413 | Shoals:4 | Received a gift from Trog
 41444 | Shoals:4 | HP: 8/168 [merfolk aquamancer/ball of steam (30)]
 42617 | Shoals:4 | Got a barnacled rune of Zot
 43871 | Spider:1 | Received a gift from Trog
 44268 | Spider:2 | Reached skill level 1 in Evocations
 44306 | Spider:2 | Reached skill level 10 in Throwing
 44366 | Spider:2 | Found a transporter.
 44366 | Spider:2 | Found a transporter.
 44389 | Spider:2 | Reached XP level 18. HP: 178/178 MP: 11/17
 44424 | Spider:2 | Got the +2 pair of boots of the Morning {rampage, rElec
                  | rPois Stlth-}
 45005 | Spider:2 | Noticed Soniseqa's ghost (adept SpEn)
 45011 | Spider:2 | Found a transporter.
 45020 | Spider:2 | Found a transporter.
 45048 | Spider:2 | Killed Soniseqa's ghost
 45325 | Spider:3 | Noticed Azrael
 45354 | Spider:3 | Killed Azrael
 45355 | Spider:3 | Noticed Jorgrun
 45377 | Spider:3 | Killed Jorgrun
 46143 | Spider:3 | Received a gift from Trog
 46549 | Spider:3 | Noticed Louise
 46558 | Spider:3 | Killed Louise
 46664 | Spider:3 | Noticed Agnes
 46679 | Spider:3 | Killed Agnes
 47401 | Spider:4 | Entered Level 4 of the Spider Nest
 47831 | Spider:4 | Noticed Arachne
 47857 | Spider:4 | Killed Arachne
 47880 | Spider:4 | Noticed Asterion
 48164 | Spider:3 | Killed Asterion
 48420 | Spider:4 | Received a gift from Trog
 49261 | Spider:4 | Got a gossamer rune of Zot
 49813 | D:11     | Reached XP level 19. HP: 187/187 MP: 18/18
 50362 | D:15     | Identified the ring "Isuetaly" {+Fly rElec rF+ Int-3 Dex+4}
 50362 | D:15     | Identified the +6 trident of Losueschiesu {freeze, MR+ MP+9
                  | Int-4 Stlth+}
 50377 | D:15     | HP: 8/187 [storm dragon/bolt of lightning (5)]
 51057 | D:15     | Reached skill level 5 in Evocations
 51411 | D:15     | Found a staircase to the Depths.
 51861 | Depths:1 | Entered Level 1 of the Depths
 51995 | D:15     | Received a gift from Trog
 52203 | Depths:1 | Found a gateway to Hell.
 52737 | Depths:1 | Reached skill level 15 in Shields
 53859 | Depths:2 | Found a one-way gate leading to the halls of Pandemonium.
 54275 | Depths:2 | Received a gift from Trog
 54642 | Depths:2 | Noticed Nikola
 54700 | Depths:2 | Killed Nikola
 54949 | Depths:2 | Reached XP level 20. HP: 179/198 MP: 19/19
 56140 | Depths:3 | Paralysed by you for 5 turns
 56926 | Depths:3 | Found a gateway to a ziggurat.
 57190 | Depths:3 | Received a gift from Trog
 57457 | Depths:3 | Found Bazenk's Gadget Shoppe.
 57470 | Depths:3 | Found Amuirypp's Gadget Shoppe.
 57473 | Depths:3 | Found Cusec's Jewellery Shop.
 57483 | Depths:3 | Bought the ring of Pobrit {Ice rElec MR+++ Int-3 SInv} for
                  | 913 gold pieces
 58213 | Depths:3 | Found a one-way gate to the infinite horrors of the Abyss.
 58213 | Depths:3 | Noticed Mennas
 58274 | Depths:3 | Killed Mennas
 59160 | Depths:4 | Found a bloodstained altar of Trog.
 59345 | Depths:4 | Identified the +9 war axe of Inauffoque {distort, Fragile
                  | +Inv rC+ Int+2}
 59361 | Depths:4 | Cast into level 2 of the Abyss (spriggan druid)
 59404 | Depths:4 | Escaped the Abyss
 59842 | Depths:4 | Received a gift from Trog
 60020 | Depths:4 | Noticed the Enchantress
 60042 | Depths:4 | Killed the Enchantress
 60136 | Depths:4 | Reached XP level 21. HP: 186/206 MP: 20/20
 61265 | Depths:5 | Entered Level 5 of the Depths
 62093 | Depths:5 | Noticed a golden dragon
 62094 | Depths:5 | Found a gate to the Realm of Zot.
 62099 | Depths:5 | Received a gift from Trog
 62101 | Depths:5 | Killed a golden dragon
 63236 | Elf:1    | Entered Level 1 of the Elven Halls
 63252 | Elf:1    | Found a radiant altar of Vehumet.
 63560 | Elf:1    | Found a runed translucent door.
 63622 | Elf:1    | Got a scintillating tin ring
 63650 | Elf:1    | Found Esuciett's Gadget Boutique.
 63924 | Elf:1    | Identified the +5 hand axe of the Evil Eye {pain, +Inv rC+
                  | Int+2 SInv}
 64016 | Elf:1    | Noticed Napalmbreeze's ghost (adept TrFi)
 64029 | Elf:1    | Killed Napalmbreeze's ghost
 64102 | Elf:1    | Found a runed translucent gate.
 64102 | Elf:1    | Found a runed translucent gate.
 64102 | Elf:1    | Found a runed translucent gate.
 64102 | Elf:1    | Found a runed translucent gate.
 64102 | Elf:1    | Found a runed translucent gate.
 64104 | Elf:1    | Found a runed translucent gate.
 64371 | Elf:2    | Found Ytoahipi's Elven Fire.
 64457 | Elf:2    | Found a ruined gateway.
 64507 | Elf:2    | Identified the ring "Nomyvviy" {rElec rPois rC+ Str+2 SInv}
                  | (You found it on level 1 of the Elven Halls)
 64517 | Desolati | Entered the Desolation of Salt
 64542 | Desolati | Received a gift from Trog
 64544 | Desolati | Reached XP level 22. HP: 217/217 MP: 21/21
 64627 | Desolati | Got a slimy gossamer ring
 64631 | Desolati | Got an ancient pewter amulet
 64636 | Desolati | Got a crude bone ring
 64644 | Desolati | Identified the Guide on the Earthen Snowflakes
 64648 | Desolati | Identified the Volume of Dislocated Lightness
 65193 | Desolati | Received a gift from Trog
 65262 | Desolati | Identified the +7 flail of Ydgh {freeze, *Slow Str+5 SInv}
 65978 | Elf:2    | Identified the amulet "Upracwenk" {Spirit +Inv rPois rC-
                  | Dex+3} (You found it in the Desolation of Salt)
 66040 | Elf:2    | Identified the ring "Bexzogg" {rPois Int+4} (You found it
                  | in the Desolation of Salt)
 66158 | Elf:2    | Found a huge runed translucent gate.
 66158 | Elf:2    | Found a huge runed translucent gate.
 66159 | Elf:2    | Found a huge runed translucent gate.
 66160 | Elf:2    | Found a huge runed translucent gate.
 66178 | Elf:2    | Found a huge runed translucent gate.
 66564 | Elf:2    | Received a gift from Trog
 66877 | Elf:3    | Entered Level 3 of the Elven Halls
 67123 | Elf:3    | Found Bisehyck's Antique Armour Boutique.
 67399 | Elf:3    | Received a gift from Trog
 68205 | Elf:3    | Reached XP level 23. HP: 227/227 MP: 22/22
 68410 | Elf:3    | Found the cursed +14 obsidian axe {vorpal, +Fly SInv
                  | *Curse}
 68782 | Orc:2    | Bought a scroll of magic mapping for 49 gold pieces
 68782 | Orc:2    | Bought a scroll of blinking for 105 gold pieces
 68782 | Orc:2    | Bought a scroll of fear for 49 gold pieces
 68784 | Orc:2    | Bought a scroll of blinking for 112 gold pieces
 68784 | Orc:2    | Bought a scroll of enchant armour for 112 gold pieces
 68792 | Orc:2    | Bought a wand of acid (11) for 272 gold pieces
 68950 | Elf:3    | Bought an embroidered cloak for 285 gold pieces
 68953 | Elf:3    | Identified the ring "Ebiuhuti" {rPois Int+2} (You found it
                  | in the Desolation of Salt)
 69174 | D:14     | You paid a toll of 14 scrolls of teleportation to enter a
                  | treasure trove
 69175 | Trove    | Entered a treasure trove
 69180 | Trove    | Found the +0 mask of the Dragon {MR+ Slay+3 SInv}
 69180 | Trove    | Found the +0 pair of fencer's gloves {Riposte Dex+3}
 69191 | Trove    | Got a slimy tower shield
 69193 | Trove    | Got a fine tower shield
 69223 | Trove    | Lost intelligence.
 69358 | Trove    | Identified the +0 tower shield of Nymof {Dex+4} (You found
                  | it in a treasure trove)
 69368 | Trove    | Identified the +10 tower shield "Atzischij" {Int+7} (You
                  | found it in a treasure trove)
 69460 | Trove    | Got a translucent plate armour
 69466 | Trove    | Got a slimy plate armour
 69478 | Trove    | Identified the +8 plate armour of Qiegrap {rN+++ MR++ Str-2
                  | Int+4} (You found it in a treasure trove)
 69508 | Trove    | Identified a +2 pair of boots of running (You found it in a
                  | treasure trove)
 69518 | Trove    | Identified the +8 plate armour of the Sunfish {*Slow MR+
                  | Slay+5 Stlth+} (You found it in a treasure trove)
 69690 | Vaults:1 | Entered Level 1 of the Vaults
 69824 | Vaults:1 | Received a gift from Trog
 69827 | Vaults:1 | Got a fading hand axe {god gift}
 69828 | Vaults:1 | Identified the +2 hand axe "Biblany" {flame, *Slow rPois
                  | rF+++} (Trog gifted it to you on level 1 of the Vaults)
 70159 | Vaults:1 | Noticed Sojobo
 70223 | Vaults:1 | Killed Sojobo
 70849 | Vaults:1 | Received a gift from Trog
 72617 | Vaults:3 | Received a gift from Trog
 73444 | Vaults:3 | Reached XP level 24. HP: 238/238 MP: 22/22
 73446 | Vaults:3 | Received a gift from Trog
 73753 | Vaults:3 | Found a staircase to the Crypt.
 75302 | Vaults:4 | Received a gift from Trog
 75668 | Vaults:4 | Found a blossoming altar of Fedhas.
 75692 | Vaults:4 | Received a gift from Trog
 76126 | Vaults:5 | Entered Level 5 of the Vaults
 76688 | Vaults:5 | Received a gift from Trog
 76691 | Vaults:5 | Identified the +2 triple sword of Wenuonte {spect, rPois
                  | rF+}
 76691 | Vaults:5 | Identified the +2 triple sword of Wenuonte {spect, rPois
                  | rF+}
 76717 | Vaults:5 | Reached XP level 25. HP: 236/248 MP: 22/22
 77016 | Vaults:5 | Gained mutation: Your body sometimes deteriorates upon
                  | taking damage. [a shining eye]
 77142 | Vaults:5 | Got a scintillating granite ring
 77182 | Vaults:5 | Identified the cursed ring of Giunlu {+Inv MP-9 Str+4
                  | Dex-4} (You found it on level 5 of the Vaults)
 77360 | Vaults:5 | Received a gift from Trog
 77571 | Vaults:5 | Got a silver rune of Zot
 78129 | Vaults:5 | Identified the ring "Noc Kil" {*Drain rC+ rN+ Stlth+} (You
                  | found it on level 5 of the Vaults)
 78507 | Zot:1    | Entered Level 1 of the Realm of Zot
 79006 | Zot:1    | Noticed an orb of fire
 79009 | Zot:1    | Noticed an orb of fire
 79024 | Zot:1    | Gained mutation: Your spells are a little easier to cast,
                  | but a little less powerful. [an orb of fire]
 79028 | Zot:1    | Killed an orb of fire
 79029 | Zot:1    | Killed an orb of fire
 79039 | Zot:1    | Reached XP level 26. HP: 208/260 MP: 1/22
 79043 | Zot:1    | Received a gift from Trog
 82161 | Zot:3    | Noticed an ancient lich
 82407 | Zot:3    | Received a gift from Trog
 82632 | Zot:3    | Found a transporter.
 82634 | Zot:3    | Identified the amulet "Pechaos" {Reflect +Fly Slay+3 SH+5}
 82635 | Zot:3    | Found a shimmering blue altar of Sif Muna.
 82655 | Zot:3    | Noticed an ancient lich
 83322 | Zot:4    | Noticed an orb of fire
 83340 | Zot:4    | Killed an orb of fire
 84104 | Zot:4    | Reached XP level 27. HP: 269/269 MP: 22/22
 84142 | Zot:5    | Entered Level 5 of the Realm of Zot
 84669 | Zot:5    | Noticed an ancient lich
 84687 | Zot:5    | Killed an ancient lich
 84732 | Zot:5    | Received a gift from Trog
 84761 | Zot:5    | Noticed an orb of fire
 84771 | Zot:5    | Gained mutation: You are frail. (-10% HP) [an orb of fire]
 84781 | Zot:5    | Killed an orb of fire
 84841 | Zot:5    | Noticed an orb of fire
 84841 | Zot:5    | Noticed an orb of fire
 84849 | Zot:5    | Noticed an orb of fire
 84851 | Zot:5    | Gained mutation: You are very frail. (-20% HP) [an orb of
                  | fire]
 84855 | Zot:5    | Gained mutation: You are clumsy. (Dex -2) [an orb of fire]
 84857 | Zot:5    | Lost mutation: Your mind is acute. (Int +2) [an orb of
                  | fire]
 84858 | Zot:5    | Killed an orb of fire
 84871 | Zot:5    | Killed an orb of fire
 84871 | Zot:5    | Gained mutation: You are occasionally teleported next to
                  | monsters. [an orb of fire]
 84876 | Zot:5    | Killed an orb of fire
 85209 | Zot:5    | Noticed an orb of fire
 85223 | Zot:5    | Noticed an orb of fire
 85226 | Zot:5    | Gained mutation: You tend to lose your temper in combat.
                  | [an orb of fire]
 85228 | Zot:5    | Killed an orb of fire
 85228 | Zot:5    | Reached skill level 27 in Fighting
 85235 | Zot:5    | Gained mutation: You are sometimes teleported next to
                  | monsters. [an orb of fire]
 85239 | Zot:5    | Killed an orb of fire
 85534 | Zot:5    | Noticed an orb of fire
 85537 | Zot:5    | Gained mutation: You are dopey. (Int -2) [an orb of fire]
 85538 | Zot:5    | Noticed an ancient lich
 85545 | Zot:5    | Gained mutation: You do not regenerate when monsters are
                  | visible. [an orb of fire]
 85546 | Zot:5    | Killed an orb of fire
 85552 | Zot:5    | Killed an ancient lich
 86416 | Slime:1  | Entered Level 1 of the Pits of Slime
 86877 | Slime:1  | Gained mutation: You have sharp toenails. [a shining eye]
 87252 | Slime:2  | Received a gift from Trog
 87769 | Slime:2  | Gained mutation: Your spells are easier to cast, but less
                  | powerful. [a shining eye]
 88755 | Slime:2  | Lost mutation: Your spells are easier to cast, but less
                  | powerful. [potion of mutation]
 88755 | Slime:2  | Lost mutation: You are very frail. (-20% HP) [potion of
                  | mutation]
 88755 | Slime:2  | Lost mutation: You are frail. (-10% HP) [potion of
                  | mutation]
 88756 | Slime:2  | Lost mutation: You are clumsy. (Dex -2) [potion of
                  | mutation]
 88756 | Slime:2  | Lost mutation: You tend to lose your temper in combat.
                  | [potion of mutation]
 88756 | Slime:2  | Lost mutation: You are dopey. (Int -2) [potion of mutation]
 88756 | Slime:2  | Gained mutation: You are weak. (Str -2) [potion of
                  | mutation]
 88756 | Slime:2  | Gained mutation: You have razor-sharp toenails. [potion of
                  | mutation]
 88757 | Slime:2  | Lost mutation: You have razor-sharp toenails. [potion of
                  | mutation]
 88757 | Slime:2  | Lost mutation: You do not regenerate when monsters are
                  | visible. [potion of mutation]
 88757 | Slime:2  | Lost mutation: Your spells are a little easier to cast, but
                  | a little less powerful. [potion of mutation]
 88757 | Slime:2  | Gained mutation: You are partially covered in slimy green
                  | scales. (AC +2) [potion of mutation]
 88757 | Slime:2  | Gained mutation: Your magical capacity is low. (-10% MP)
                  | [potion of mutation]
 88757 | Slime:2  | Gained mutation: You can translocate small distances at
                  | will. [potion of mutation]
 88758 | Slime:2  | Lost mutation: You are weak. (Str -2) [potion of mutation]
 88758 | Slime:2  | Lost mutation: Your body sometimes deteriorates upon taking
                  | damage. [potion of mutation]
 88758 | Slime:2  | Lost mutation: You are sometimes teleported next to
                  | monsters. [potion of mutation]
 88758 | Slime:2  | Gained mutation: You possess an exceptional clarity of
                  | mind. [potion of mutation]
 88759 | Slime:2  | Lost mutation: Your magical capacity is low. (-10% MP)
                  | [potion of mutation]
 88759 | Slime:2  | Lost mutation: You are occasionally teleported next to
                  | monsters. [potion of mutation]
 88759 | Slime:2  | Lost mutation: You can translocate small distances at will.
                  | [potion of mutation]
 88759 | Slime:2  | Gained mutation: Your mind is acute. (Int +2) [potion of
                  | mutation]
 88759 | Slime:2  | Lost mutation: Your mind is acute. (Int +2) [potion of
                  | mutation]
 88759 | Slime:2  | Gained mutation: You evolve. [potion of mutation]
 88868 | Slime:3  | Gained mutation: You occasionally shout uncontrollably at
                  | your foes. [a shining eye]
 88875 | Slime:3  | Gained mutation: Armour fits poorly on your strangely
                  | shaped body. [a shining eye]
 89258 | Slime:3  | Lost mutation: You evolve. [evolution]
 89392 | Slime:3  | Lost mutation: Armour fits poorly on your strangely shaped
                  | body. [potion of mutation]
 89392 | Slime:3  | Lost mutation: You expend magic power (3 MP) to strengthen
                  | your wands. [potion of mutation]
 89392 | Slime:3  | Gained mutation: Potions are less effective at restoring
                  | your health. [potion of mutation]
 89392 | Slime:3  | Gained mutation: You expend magic power (3 MP) to
                  | strengthen your wands. [potion of mutation]
 89393 | Slime:3  | Lost mutation: You occasionally shout uncontrollably at
                  | your foes. [potion of mutation]
 89393 | Slime:3  | Lost mutation: Potions are less effective at restoring your
                  | health. [potion of mutation]
 89393 | Slime:3  | Lost mutation: You expend magic power (3 MP) to strengthen
                  | your wands. [potion of mutation]
 89393 | Slime:3  | Gained mutation: You are robust. (+10% HP) [potion of
                  | mutation]
 89393 | Slime:3  | Gained mutation: You can translocate small distances at
                  | will. [potion of mutation]
 89479 | Slime:4  | Gained mutation: Armour fits poorly on your strangely
                  | shaped body. [a shining eye]
 89490 | Slime:4  | Paralysed by a floating eye for 3 turns
 89506 | Slime:4  | Gained mutation: Scrolls take you a little longer to read.
                  | [a shining eye]
 89517 | Slime:4  | Gained mutation: Potions are less effective at restoring
                  | your health. [a shining eye]
 89529 | Slime:4  | Lost mutation: Scrolls take you a little longer to read.
                  | [potion of mutation]
 89529 | Slime:4  | Lost mutation: Potions are less effective at restoring your
                  | health. [potion of mutation]
 89529 | Slime:4  | Lost mutation: You are robust. (+10% HP) [potion of
                  | mutation]
 89529 | Slime:4  | Lost mutation: You possess an exceptional clarity of mind.
                  | [potion of mutation]
 89529 | Slime:4  | Lost mutation: You are partially covered in yellow scales.
                  | (AC +2) [potion of mutation]
 89529 | Slime:4  | Gained mutation: You are partially covered in thin metallic
                  | scales. (AC +2) [potion of mutation]
 89529 | Slime:4  | Gained mutation: You are robust. (+10% HP) [potion of
                  | mutation]
 89530 | Slime:4  | Lost mutation: You can translocate small distances at will.
                  | [potion of mutation]
 89530 | Slime:4  | Lost mutation: Armour fits poorly on your strangely shaped
                  | body. [potion of mutation]
 89530 | Slime:4  | Gained mutation: Your mind is acute. (Int +2) [potion of
                  | mutation]
 89991 | Slime:5  | Entered Level 5 of the Pits of Slime
 90105 | Slime:5  | Lost mutation: You are robust. (+10% HP) [a shining eye]
 90113 | Slime:5  | Gained mutation: You possess an exceptional clarity of
                  | mind. [a shining eye]
 90434 | Slime:5  | Received a gift from Trog
 90439 | Slime:5  | Noticed the Royal Jelly
 90453 | Slime:5  | Killed the Royal Jelly
 90472 | Slime:5  | Gained mutation: Your spells are a little easier to cast,
                  | but a little less powerful. [a shining eye]
 90826 | Slime:5  | Got a slimy rune of Zot
 90892 | Slime:5  | Got a scintillating bronze ring
 90895 | Slime:5  | Identified the ring "Apaahu Ziwk" {rC+ Str+3} (You found it
                  | on level 5 of the Pits of Slime)
 90898 | Slime:5  | Identified the ring of Optimism {+Fly rC+ AC+4 Dex+2 SInv}
                  | (You found it on level 5 of the Pits of Slime)
 90951 | Slime:5  | Identified the amulet of Astubula {Inacc Str+4 Int+5 Dex-2}
                  | (You found it on level 5 of the Pits of Slime)
 91028 | Slime:5  | Gained mutation: Your magical capacity is low. (-10% MP) [a
                  | shining eye]
 91033 | Slime:5  | Lost mutation: You possess an exceptional clarity of mind.
                  | [a shining eye]
 91207 | Slime:5  | Gained mutation: You are weak. (Str -2) [a shining eye]
 91697 | Hell     | Entered the Vestibule of Hell
 91697 | Hell     | Noticed Geryon
 91714 | Hell     | Killed Geryon
 92054 | Hell     | Found a gateway to the Iron City of Dis.
 92121 | Hell     | Found a gateway to the ashen valley of Gehenna.
 92131 | Hell     | Received a gift from Trog
 92380 | Hell     | Found a gateway to the decaying netherworld of Tartarus.
 92492 | Hell     | Found a gateway to the freezing wastes of Cocytus.
 92894 | Depths:3 | Voluntarily entered the Abyss.
 93526 | Abyss:2  | Received a gift from Trog
 94300 | Abyss:2  | Paralysed by accursed screaming for 1 turns
 94310 | Abyss:2  | Received a gift from Trog
 94330 | Abyss:2  | Paralysed by accursed screaming for 2 turns
 95108 | Abyss:3  | Reached skill level 27 in Armour
 95314 | Abyss:3  | Got an abyssal rune of Zot
 95426 | Abyss:3  | Lost mutation: Your mind is acute. (Int +2) [a neqoxec]
 95435 | Abyss:3  | Received a gift from Trog
 95676 | Depths:3 | Escaped the Abyss
 96210 | Crypt:1  | Entered Level 1 of the Crypt
 96272 | Crypt:1  | Noticed Saint Roka
 96338 | Crypt:1  | Killed Saint Roka
 96404 | Crypt:1  | Received a gift from Trog
 96457 | Crypt:1  | Noticed Frederick
 96465 | Crypt:1  | Killed Frederick
 96823 | Crypt:1  | Noticed an ancient lich
 96829 | Crypt:1  | Killed an ancient lich
 97178 | Crypt:2  | Received a gift from Trog
 97193 | Crypt:2  | Reached skill level 27 in Shields
 97881 | Crypt:3  | Entered Level 3 of the Crypt
 97907 | Crypt:3  | Found a magical portal.
 98005 | WizLab   | Entered Wucad Mu's Monastery
 98248 | WizLab   | Found the +9 staff of Wucad Mu {channel}
 98461 | Crypt:3  | Received a gift from Trog
 98817 | Crypt:3  | Found a staircase to the Tomb.
 98839 | Crypt:3  | Noticed Jory
 98860 | Crypt:3  | Killed Jory
 98916 | Crypt:3  | Reached skill level 27 in Dodging
 99041 | Crypt:3  | Received a gift from Trog
 99223 | Crypt:3  | Noticed Khufu
 99223 | Crypt:3  | Noticed a greater mummy
 99223 | Crypt:3  | Noticed a greater mummy
 99230 | Crypt:3  | Killed a greater mummy
 99237 | Crypt:3  | Killed Khufu
 99245 | Crypt:3  | Killed a greater mummy
 99742 | Crypt:3  | Found the cursed +13 scythe of Curses {drain, *Curse}
 99789 | Crypt:3  | Identified Sif Muna's Compendium of Spatial Unholy Secrets
100283 | Tomb:1   | Entered Level 1 of the Tomb of the Ancients
100610 | Tomb:1   | Reached skill level 10 in Evocations
100652 | Tomb:1   | Gained mutation: You tend to lose your temper in combat. [a
                  | neqoxec]
100661 | Tomb:1   | Gained mutation: Scrolls take you a little longer to read.
                  | [a neqoxec]
100689 | Tomb:1   | Received a gift from Trog
101248 | Tomb:1   | Noticed a greater mummy
101262 | Tomb:1   | Killed a greater mummy
102258 | Tomb:1   | Noticed a greater mummy
102270 | Tomb:1   | Killed a greater mummy
102381 | Tomb:1   | Noticed a greater mummy
102390 | Tomb:1   | Killed a greater mummy
102433 | Tomb:1   | Paralysed by a Zot trap for 4 turns
102450 | Tomb:1   | Noticed a greater mummy
102462 | Tomb:1   | Noticed a greater mummy
102465 | Tomb:1   | Killed a greater mummy
103475 | Tomb:1   | Killed a greater mummy
103653 | Tomb:1   | Noticed a greater mummy
103664 | Tomb:1   | Killed a greater mummy
104705 | Zot:3    | Reached skill level 27 in Axes
104718 | Zot:3    | Killed an ancient lich
104722 | Zot:3    | Killed an ancient lich
104918 | Zot:3    | Found a transporter.
105837 | Crypt:3  | Lost mutation: You are weak. (Str -2) [potion of mutation]
105837 | Crypt:3  | Lost mutation: Your spells are a little easier to cast, but
                  | a little less powerful. [potion of mutation]
105837 | Crypt:3  | Lost mutation: Scrolls take you a little longer to read.
                  | [potion of mutation]
105837 | Crypt:3  | Gained mutation: Your spells are a little easier to cast,
                  | but a little less powerful. [potion of mutation]
105837 | Crypt:3  | Lost mutation: You are partially covered in thin metallic
                  | scales. (AC +2) [potion of mutation]
105837 | Crypt:3  | Lost mutation: Your spells are a little easier to cast, but
                  | a little less powerful. [potion of mutation]
105837 | Crypt:3  | Gained mutation: Your mind is acute. (Int +2) [potion of
                  | mutation]
106301 | Slime:5  | Lost mutation: You tend to lose your temper in combat.
                  | [potion of mutation]
106301 | Slime:5  | Lost mutation: You are partially covered in slimy green
                  | scales. (AC +2) [potion of mutation]
106301 | Slime:5  | Lost mutation: Your magical capacity is low. (-10% MP)
                  | [potion of mutation]
106301 | Slime:5  | Lost mutation: You have sharp toenails. [potion of
                  | mutation]
106301 | Slime:5  | Gained mutation: Your spells are a little harder to cast,
                  | but a little more powerful. [potion of mutation]
106301 | Slime:5  | Gained mutation: You have sharp fingernails. [potion of
                  | mutation]
106668 | Coc:1    | Entered Level 1 of Cocytus
106819 | Coc:2    | Received a gift from Trog
106972 | Coc:4    | You fall into a shaft and drop 1 floor!
106976 | Coc:5    | You fall into a shaft and drop 1 floor!
107043 | Coc:7    | Entered Level 7 of Cocytus
107268 | Coc:7    | Received a gift from Trog
107849 | Coc:7    | Noticed Antaeus
107880 | Coc:7    | Killed Antaeus
107922 | Coc:7    | HP: 10/273 [???[the effects of Hell] (8)]
107930 | Coc:7    | Got an icy rune of Zot
107932 | Coc:7    | HP: 13/273 [???[the effects of Hell] (11)]
107937 | Coc:7    | HP: 6/273 [??? (4)]
107944 | Coc:7    | HP: 10/273 [??? (8)]
108405 | Depths:3 | Bought an uncursed amulet of regeneration for 570 gold
                  | pieces
108482 | Geh:1    | Entered Level 1 of Gehenna
108636 | Geh:3    | Reached skill level 15 in Throwing
108651 | Geh:3    | Received a gift from Trog
108932 | Geh:7    | Entered Level 7 of Gehenna
109218 | Geh:7    | Received a gift from Trog
109733 | Geh:7    | Received a gift from Trog
109756 | Geh:7    | Reached skill level 15 in Evocations
109877 | Geh:7    | Identified the +7 sceptre of Asmodeus
109877 | Geh:7    | Noticed Asmodeus
110577 | Geh:7    | Killed Asmodeus
111086 | Geh:2    | Received a gift from Trog
111203 | Geh:4    | You fall into a shaft and drop 2 floors!
111511 | Geh:7    | Got an obsidian rune of Zot
111974 | Geh:5    | Received a gift from Trog
114016 | Tar:1    | Entered Level 1 of Tartarus
114193 | Tar:2    | Received a gift from Trog
114201 | Tar:2    | Identified the +5 broad axe "Ridex" {antimagic, *Drain
                  | +Rage +Inv +Fly} (Trog gifted it to you on level 2 of
                  | Tartarus)
114920 | Tar:7    | Entered Level 7 of Tartarus
115533 | Tar:7    | Found the +3 giant club "Skullcrusher" {speed, Str+7}
115728 | Tar:7    | Received a gift from Trog
115923 | Tar:7    | Noticed an ancient lich
115936 | Tar:7    | Killed an ancient lich
116156 | Tar:7    | Received a gift from Trog
116366 | Tar:7    | Got a bound iron amulet
116367 | Tar:7    | Identified the amulet of Paranoia {Spirit rPois rC+ Dex+6
                  | Stlth-} (You found it on level 7 of Tartarus)
116371 | Tar:7    | Identified the +5 plate armour "Qynony" {Int+8} (You found
                  | it on level 7 of Tartarus)
116464 | Tar:7    | Noticed Ereshkigal
117339 | Tar:7    | Killed Ereshkigal
117408 | Tar:7    | Got a bone rune of Zot
117438 | Tar:7    | Received a gift from Trog
117571 | Dis:1    | Entered Level 1 of the Iron City of Dis
117704 | Dis:3    | You fall into a shaft and drop 1 floor!
118165 | Dis:6    | Received a gift from Trog
118251 | Dis:7    | Entered Level 7 of the Iron City of Dis
118685 | Dis:7    | Received a gift from Trog
119597 | Dis:7    | Received a gift from Trog
120221 | Dis:7    | Received a gift from Trog
120432 | Dis:7    | Identified the +4 staff of Dispater
120432 | Dis:7    | Noticed Dispater
120460 | Dis:7    | Killed Dispater
120494 | Dis:7    | Identified the +1 pair of gloves "Forget-Me-Not" {MR+} (You
                  | found it on level 7 of the Iron City of Dis)
120498 | Dis:7    | Got an iron rune of Zot
120737 | Depths:3 | Bought a wand of digging (5) for 342 gold pieces
120742 | Depths:3 | Bought a wand of acid (11) for 390 gold pieces
120834 | Pan      | Entered Pandemonium
121070 | Pan      | Identified the ring of Qamuotant {rPois rF+ rC- Str+3} (You
                  | found it in Pandemonium)
121159 | Pan      | Identified the amulet "Saw Icwa" {Spirit rC+ rN+ Int+6
                  | Slay-3} (You found it in Pandemonium)
121233 | Pan      | Noticed Detenyli the pandemonium lord
121247 | Pan      | Killed Detenyli the pandemonium lord
121267 | Pan      | Received a gift from Trog
121851 | Pan      | Gained mutation: Scrolls take you a little longer to read.
                  | [a neqoxec]
121852 | Pan      | Lost mutation: Your mind is acute. (Int +2) [a neqoxec]
121855 | Pan      | Noticed Miuzat the pandemonium lord
121887 | Pan      | Killed Miuzat the pandemonium lord
122438 | Pan      | Received a gift from Trog
122541 | Pan      | Lost mutation: Scrolls take you a little longer to read. [a
                  | neqoxec]
122742 | Pan      | Noticed Carphadgh the pandemonium lord
122753 | Pan      | Killed Carphadgh the pandemonium lord
122768 | Pan      | Killed from afar by a soul eater

Illustrated notes

Levels and vault maps discovered:
D:1:      dpeg_arrival_tiny_h, layout_loops_ring
D:2:      layout_loops_corners, lemuel_round_altar, hangedman_decor_lopped,
          uniq_robin, uniq_terence, uniq_natasha
D:3:      layout_loops_corners, gammafunk_ghost_split,
          nicolae_ru_great_annihilating_truth
D:4:      layout_loops_ring, kennysheep_another_room
D:5:      layout_gridville, minmay_temple_entry_waves, serial_shops,
          nicolae_shop_behind_doors, enter_ossuary_5
D:6:      layout_basic, cheibrodos_sewer_entry_drain
D:7:      layout_loops_cross, cheibriados_altar_1, minmay_misc_feat_doors,
          grunt_ministairs_3, minmay_increasing_density
D:8:      layout_loops_corners, lemuel_doored_altar,
          gammafunk_temple_overflow_elements
D:9:      layout_stronghold, lemuel_crystal_altar, serial_shops, shop,
          kennysheep_mini, shop
D:10:     layout_loops_ring, lair_entry_dummy, orc_0_dummy,
          chequers_serial_rivers_small_b, minmay_beelzebubs_servants
D:11:     minmay_the_grid_octo_tiled_squarecenter_mashed
          [minmay_the_grid_octo_chip, minmay_the_grid_octo_checkered,
          minmay_the_grid_octo_odd_swirl, minmay_the_grid_octo_thin_diamonds,
          minmay_the_grid_square_5x5_megaprize_diamond,
          minmay_the_grid_square_5x5_minivault,
          minmay_the_grid_square_5x5_seven, minmay_the_grid_square_5x5_n_small,
          minmay_the_grid_square_5x5_three_small], layout_stronghold
D:12:     layout_basic, serial_shops, nicolae_shop_window_shopping, uniq_kirke
D:13:     layout_basic, serial_shops, nicolae_shop_crystal
D:14:     layout_roguey, ximxim_vaults_locker_room, basic_altar, enter_trove_2
D:15:     gammafunk_enter_depths_forms, layout_basic,
          minmay_misc_feat_diagonals, serial_undead, serial_undead_a,
          serial_undead_a, serial_undead_e, serial_undead_f,
          chequers_serial_rivers_small_3, hangedman_abyss_or_decor_clamps,
          statue_in_the_mist_lemuel, door_vault
Temple:   lightli_temple_of_artemis
Lair:1:   layout_regular_city
Lair:2:   layout_regular_city, minmay_shoals_entry_centaurs,
          gauntlet_entry_generic, minmay_lair_oklob_chamber
Lair:3:   layout_roguey, spider_nest_entry_rubble, basic_altar,
          infiniplex_staircase_pool_2, serial_bayou_shore_a
Lair:4:   layout_gridlike, basic_altar, grunt_megastairs_2, uniq_nessos
Lair:5:   layout_regular_city, slime_dummy
Lair:6:   hangedman_lair_caniforms_friends, layout_regular_city,
          columned_hall_lemuel, serial_bayou_pond_b
Shoals:1: layout_shoals, serial_shops, nicolae_shop_behind_doors,
          dpeg_stationary_puzzle
Shoals:2: layout_shoals, nicolae_shoals_wave_tunnel, uniq_ilsuiw
Shoals:3: layout_shoals, serial_shops, nicolae_shop_crystal
Shoals:4: shoals_end_grunt_ice, layout_shoals
Spider:1: layout_spider_delve
Spider:2: gammafunk_boulding_lane, gammafunk_ghost_arena, nicolae_orb_island
Spider:3: layout_chambers, uniq_jorgrun, uniq_azrael, uniq_louise, uniq_agnes
Spider:4: grunt_spider_rune_circles, hangedman_stitches_earthworm, uniq_arachne,
          uniq_asterion
Slime:1:  layout_caves
Slime:2:  cheibrodos_slime_lost_civilization_10, layout_caves,
          nicolae_slime_phagocytosis
Slime:3:  layout_caves, nicolae_slime_welcoming_committee
Slime:4:  layout_caves
Slime:5
Orc:1:    layout_diamond_mine, basic_altar
Orc:2:    grunt_orc_tribal_feast, layout_caves, basic_altar
Elf:1:    eino_elf_arrival_altar, layout_gridlike,
          ebering_ghost_reflecting_pool, serial_shops,
          nicolae_shop_window_shopping, orc_legates, minmay_elf_necromancy
Elf:2:    layout_onion_city, portal_desolation_entry_nicolae_nacl,
          guppyfry_elf_lava
Elf:3:    minmay_elf_hall_spiked, layout_loops_corners, serial_shops, shop,
          minivault_4
Vaults:1: hangedman_vaults_trim, hangedman_vaults_cutoff,
          nicolae_vaults_network_periphery, ontoclasm_vaults_twist,
          sword_in_stone, vaults_room_pools, nicolae_vaults_ring_of_whatevers,
          nicolae_vaults_yaktaur_gun_rack, v_pattern_5, v_misc_1,
          layout_vaults_quadrants
Vaults:2: v_alt_pattern_2, hangedman_vaults_corner_blocks, v_alt_pattern_4,
          v_misc_11, v_misc_30, hangedman_vaults_stream,
          dpeg_vaults_monster_box, hangedman_vaults_capsules,
          vaults_dpeg_encased_lava, ontoclasm_vaults_idyll, vaults_mumra_lcd,
          layout_vaults_big_room
Vaults:3: minmay_crypt_entry_simple_statues, nicolae_vaults_an_arrangement,
          nicolae_vaults_arrows, nicolae_vaults_windows_and_doors_thing,
          hangedman_vaults_hat, vaults_dpeg_doors, vaults_mumra_minichess,
          nicolae_vaults_diagonal_hallway_6, grunt_vaults_diagonal,
          serial_ice_m, vaults_dpeg_diagonal, nicolae_vaults_network_s,
          hangedman_vaults_nails, vaults_dpeg_cross,
          nicolae_vaults_little_squares_1, layout_vaults_omnibox
Vaults:4: v_pattern_1, nicolae_vaults_little_squares_5, v_rooms_1,
          nicolae_vaults_big_angled_halls, v_alt_pattern_4, v_misc_17,
          ontoclasm_vaults_shuriken, nicolae_vaults_diagonal_hallway_6,
          vaults_room_octagon, grunt_vaults_funnel, v_misc_27,
          nicolae_vaults_display_case, ontoclasm_vaults_fault,
          nicolae_vaults_rhombus_5, vaults_room_door_ring,
          nicolae_vaults_little_squares_3, hangedman_vaults_slice,
          layout_vaults_big_cross, basic_altar
Vaults:5
Crypt:1:  layout_chaotic_city, st_shrine_of_skulls, grunt_crypt_arrival_webbed,
          uniq_saint_roka, uniq_frederick
Crypt:2:  layout_rooms, due_unseen_surprise
Crypt:3:  due_elkab, layout_chaotic_city, lightli_enter_wizlab_magi_temple,
          grunt_ministairs_9, uniq_jory, uniq_khufu
Tomb:1
Depths:1: layout_cave_shapes, grunt_hell_entry_dis_grunt,
          minmay_misc_feat_pillars, patterned_corridor,
          kennysheep_random_hallway
Depths:2: kennysheep_four_of_diamonds, layout_gridlike, grunt_pan_entry_spiral,
          pf_hell_entry_tar_river, hangedman_decor_opposing, uniq_nikola,
          uniq_sojobo
Depths:3: gammafunk_mikee_crab_dinner, layout_gridlike, enter_ziggurat_e,
          grunt_mini_vestibule, abyss_entry, minmay_misc_feat_five, pan_entry,
          kennysheep_windowed_goal, infiniplex_staircase_door_maze,
          minmay_shop_grove, uniq_mennas
Depths:4: spriggan_forest, pan_entry, hell_entry, abyss_entry
Depths:5: grunt_zot_entry_bicorn, layout_basic, minmay_misc_feat_more_columns,
          hell_entry, drop_trap
Hell
Dis:1:    layout_gridville
Dis:2:    layout_regular_city
Dis:3:    layout_chaotic_city
Dis:4:    layout_regular_city
Dis:5:    layout_regular_city
Dis:6:    layout_gridville
Dis:7:    dis_grunt_layers
Geh:1:    layout_gehenna_lava_caves
Geh:2:    layout_gehenna_pools_box
Geh:3:    layout_gehenna_lava_caves
Geh:4:    layout_gehenna_pools_basic, lemuel_old_faithful
Geh:5:    layout_gehenna_pools_basic
Geh:6:    layout_gehenna_lava_caves
Geh:7:    evilmike_geh
Coc:1:    layout_cocytus_water_paths
Coc:2:    layout_ice_bergs
Coc:3:    layout_ice_bergs
Coc:4:    layout_ice_bergs
Coc:5:    layout_cocytus_water_paths
Coc:6:    layout_ice_bergs, lemuel_elevator
Coc:7:    coc_dpeg
Tar:1:    layout_cathedral_of_symmetry
Tar:2:    layout_grid_maze, nicolae_tar_cuneiform_oil, nicolae_tar_fractal_crypt
Tar:3:    layout_grid_maze
Tar:4:    layout_grid_maze
Tar:5:    layout_honeycomb
Tar:6:    layout_honeycomb
Tar:7:    tar_old
Zot:1:    layout_basic
Zot:2:    minmay_elemental_castle, layout_gridlike, hangedman_zot_wheel_spokes
Zot:3:    gammafunk_sealed_library, layout_cathedral_of_symmetry,
          lemuel_elevator
Zot:4:    layout_gridville, grunt_megastairs_4
Zot:5:    layout_concentric_octagons
Pan:      grunt_pan_spiral, layout_irregular_city, pan_blood_fountain,
          rand_demon_2, layout_basic, rand_demon_6, layout_irregular_city

Skill      XL: |  1  2  3  4  5  6  7  8  9 10 11 12 13 14 15 16 17 18 19 20 21 22 23 24 25 26 27 |
---------------+----------------------------------------------------------------------------------+-----
Axes           | 4 5 6 7 8 9 11 13 14 16 17 18 19 20 21 22 27 | 27.0
Fighting       | 4 5 6 7 8 9 11 12 13 16 17 19 20 21 22 23 24 25 26 27 | 27.0
Armour         | 3 4 5 6 8 9 10 11 13 15 16 17 18 19 20 21 22 23 24 27 | 27.0
Dodging        | 3 4 6 7 8 9 11 12 14 15 16 17 18 19 20 21 22 27 | 27.0
Shields        | 7 10 13 14 15 16 18 19 20 21 22 23 27 | 27.0
Throwing       | 6 10 11 23 | 23.4
Evocations     | 1 4 5 23 | 23.9

Action                   |  1- 3 |  4- 6 |  7- 9 | 10-12 | 13-15 | 16-18 | 19-21 | 22-24 | 25-27 || total
-------------------------+-------+-------+-------+-------+-------+-------+-------+-------+-------++-------
Melee: Hand axe          |    95 |   136 |    59 |       |       |       |       |       |       ||   290
       Headbutt          |    14 |    19 |    56 |   109 |   356 |   331 |   379 |   432 |  2040 ||  3736
       War axe           |       |       |   141 |       |   445 |       |       |    31 |    94 ||   711
       Battleaxe         |       |       |    54 |   392 |   418 |       |       |       |       ||   864
       Demon trident     |       |       |       |    17 |    37 |       |       |       |    91 ||   145
       Broad axe         |       |       |       |       |   169 |  1181 |  1422 |  1419 |  5367 ||  9558
       Executioner's axe |       |       |       |       |   159 |   312 |       |       |       ||   471
       Demon whip        |       |       |       |       |       |       |       |    74 |   287 ||   361
Throw: Dart              |       |       |       |     1 |       |       |       |       |       ||     1
       Javelin           |       |       |       |       |       |    17 |       |       |     2 ||    19
Invok: Berserk           |       |     3 |     6 |    11 |    15 |    16 |    26 |    12 |    31 ||   120
       Trog's Hand       |       |     1 |     2 |     2 |     3 |     8 |     2 |     2 |    66 ||    86
       Brothers in Arms  |       |       |       |     3 |     2 |     6 |     2 |     2 |     1 ||    16
 Abil: Evoke Flight      |       |       |       |       |       |     2 |       |     1 |     8 ||    11
Evoke: Wand              |       |       |       |       |       |    16 |     2 |       |    13 ||    31
       Lightning rod     |       |       |       |       |       |     3 |     4 |       |     8 ||    15
       Phantom mirror    |       |       |       |       |       |       |       |       |     2 ||     2
       Tin of tremorston |       |       |       |       |       |       |       |       |     1 ||     1
  Use: Scroll            |       |     4 |    18 |     6 |    18 |    11 |    25 |     9 |    47 ||   138
       Potion            |       |       |       |       |     6 |     7 |     6 |       |    47 ||    66
 Stab: Sleeping          |     1 |       |       |       |       |       |       |       |       ||     1
       Paralysed         |       |     1 |       |       |       |       |     1 |       |       ||     2
       Distracted        |       |       |     1 |       |       |       |       |     4 |     4 ||     9
       Invisible         |       |       |       |       |       |       |       |       |     1 ||     1
Armor: Animal skin       |    16 |       |       |       |       |       |       |       |       ||    16
       Ring mail         |     6 |    45 |    15 |       |       |       |       |       |       ||    66
       Chain mail        |       |       |    94 |   195 |   162 |       |       |       |       ||   451
       Plate armour      |       |       |       |       |   291 |   796 |   270 |       |   101 ||  1458
       Acid dragon scale |       |       |       |       |     2 |       |       |       |       ||     2
       Gold dragon scale |       |       |       |       |       |       |    54 |   259 |   988 ||  1301
Dodge: Dodged            |    62 |    87 |   127 |   292 |   702 |   796 |   331 |   230 |  1456 ||  4083
Block: Other             |       |       |       |    42 |   245 |   121 |       |       |       ||   408
       Reflection        |       |       |       |     8 |    13 |    90 |    92 |   138 |   113 ||   454
       Kite shield       |       |       |       |       |       |   300 |       |       |       ||   300
       Tower shield      |       |       |       |       |       |  1257 |  1316 |  1608 |  7239 || 11420

Table legend: (Time is in decaauts)
 A = Elapsed time spent in this place.
 B = Non-inter-level travel time spent in this place.
 C = Inter-level travel time spent in this place.
 D = Time resting spent in this place.
 E = Time spent auto-exploring this place.
 F = Levels seen in this place.
 G = Mean time per level.
                   A        B        C        D        E       F      G
               +--------+--------+--------+--------+--------+-----+--------+
         Total | 118750 | 108459 |  10291 |  27413 |  50365 |  99 | 1199.5 |
       Dungeon |  27468 |  24624 |   2844 |   5778 |  14756 |  15 | 1831.2 |
        Temple |    104 |     87 |     17 |      0 |     86 |   1 |  104.0 |
          Lair |   9180 |   8300 |    880 |   1045 |   5974 |   6 | 1530.0 |
        Shoals |   7902 |   7396 |    506 |   2257 |   3374 |   4 | 1975.5 |
   Spider Nest |   6011 |   5689 |    322 |   1742 |   2605 |   4 | 1502.8 |
    Slime Pits |   4792 |   4502 |    290 |   1736 |   1962 |   5 |  958.4 |
  Orcish Mines |   3401 |   3057 |    344 |   1433 |   1086 |   2 | 1700.5 |
   Elven Halls |   4516 |   3973 |    543 |    472 |   2381 |   3 | 1505.3 |
        Vaults |   8622 |   7531 |   1091 |   1429 |   4102 |   5 | 1724.4 |
         Crypt |   4604 |   4207 |    397 |   1369 |   1749 |   3 | 1534.7 |
          Tomb |   2911 |   2790 |    121 |   1308 |    458 |   1 | 2911.0 |
        Depths |  12459 |  10942 |   1517 |   3461 |   5438 |   5 | 2491.8 |
          Hell |   2244 |   2182 |     62 |   1039 |    454 |   1 | 2244.0 |
           Dis |   2675 |   2428 |    247 |    331 |      0 |   7 |  382.1 |
       Gehenna |   3461 |   3273 |    188 |    522 |     88 |   7 |  494.4 |
       Cocytus |   1081 |   1081 |      0 |    373 |      0 |   7 |  154.4 |
      Tartarus |   2781 |   2584 |    197 |    206 |     63 |   7 |  397.3 |
           Zot |   7942 |   7223 |    719 |   1956 |   3853 |   5 | 1588.4 |
         Abyss |   2534 |   2534 |      0 |    672 |     53 |   4 |  633.5 |
   Pandemonium |   1722 |   1722 |      0 |     12 |    911 |   3 |  574.0 |
         Trove |    381 |    381 |      0 |    124 |      0 |   1 |  381.0 |
         Sewer |    485 |    485 |      0 |     38 |    341 |   1 |  485.0 |
        Wizlab |    349 |    349 |      0 |      0 |      0 |   1 |  349.0 |
    Desolation |   1116 |   1116 |      0 |    103 |    621 |   1 | 1116.0 |
               +--------+--------+--------+--------+--------+-----+--------+

Top non-repeatable levels by time:
    D:15: 3705 daAuts
    D:11: 3428 daAuts
    D:14: 3337 daAuts
Depths:3: 3137 daAuts
 Crypt:3: 2919 daAuts
  Tomb:1: 2911 daAuts
Spider:3: 2887 daAuts
Depths:4: 2675 daAuts
   Geh:7: 2589 daAuts
Depths:2: 2483 daAuts
  Lair:6: 2366 daAuts
Depths:1: 2345 daAuts
Vaults:4: 2294 daAuts
Shoals:4: 2253 daAuts
    Hell: 2244 daAuts
